 Dungeon Sprint DCSS version 0.20.1-1-g8b1a95d (webtiles) character file.

84 Danqa the Shield-Bearer (level 4, 0/44 HPs)
             Began as a Minotaur Fighter on Oct 2, 2017.
             Slain by a killer bee (3 damage)
             ... in the Dungeon (Sprint IV: "Fedhas' Mad Dash").
             The game lasted 00:01:46 (680 turns).

Danqa the Shield-Bearer (Minotaur Fighter)           Turns: 680, Time: 00:01:46

Health: 0/44       AC:  7    Str: 22    XL:     4   Next: 23%
Magic:  3/3        EV:  8    Int:  5    God:
Gold:   69         SH: 10    Dex:  9    Spells: 3/3 levels left

rFire    . . .     SeeInvis .   a - +0 flail
rCold    . . .     Gourm    .   c - +0 shield
rNeg     + . .     Faith    .   b - +0 scale mail
rPois    .         Spirit   .   (helmet restricted)
rElec    .         Reflect  .   (no cloak)
rCorr    .         Harm     .   (no gloves)
MR       .....     NoTele   +   (no boots)
Stlth    ..........             m - amulet of invisibility {+Inv}
Regen    0.2/turn               l - ring of positive energy
MPRegen  0.1/turn               (no ring)

@: no status effects
A: retaliatory headbutt, horns 2
a: Evoke Invisibility


You were in the Dungeon.
You were not hungry.

You visited 1 branch You collected 69 gold pieces.

Inventory:

Hand Weapons
 a - a +0 flail (weapon)
Armour
 b - a +0 scale mail (worn)
 c - a +0 shield (worn)
Jewellery
 l - a ring of positive energy (left hand)
 m - the amulet of invisibility (around neck) {+Inv}
   (You found it in the Dungeon)

   [amulet of nothing]

   It lets you turn invisible.
Scrolls
 k - a scroll of blinking
Potions
 d - a potion of might
 e - a potion of curing
 g - a potion of heal wounds
 h - a potion of haste
 i - 2 potions of magic
 j - a potion of berserk rage
Comestibles
 f - a bread ration


   Skills:
 + Level 6.3 Fighting
 + Level 4.1 Maces & Flails
 + Level 6.5 Armour
 + Level 6.6 Shields
 + Level 0.3 Evocations


You had 3 spell levels left.
You didn't know any spells.

Dungeon Overview and Level Annotations

Branches:
Dungeon (1/1)

Altars:
Cheibriados
Gozag
Hepliaklqana
Makhleb
Nemelex Xobeh
Ru
Sif Muna
Trog
Xom
Yredelemnul
Beogh
Jiyva

Annotations:
D exclusion: oklob sapling


Innate Abilities, Weirdness & Mutations

You reflexively headbutt those who attack you in melee.
You have a pair of horns on your head.


Message History

You hit the queen bee but do no damage.
You headbutt the queen bee, but do no damage.
You block the queen bee's attack. The queen bee stings you.
Okay, then.
You hear an angry buzzing noise.
The killer bee barely misses you. You furiously retaliate!
You headbutt the killer bee.
The killer bee rages.
You block the killer bee's attack. The killer bee closely misses you.
You furiously retaliate!
You headbutt the killer bee.
The killer bee rages.
The killer bee stings you.
The queen bee calls on the killer bee to defend it!
The killer bee goes berserk!
The killer bee stings you.
* * * LOW HITPOINT WARNING * * *
You block the killer bee's attack. The killer bee stings you!
* * * LOW HITPOINT WARNING * * *
The killer bee closely misses you. The killer bee stings you.
You die...

#########################
#<..P#.÷...#.....#.⌠._._.
#PP..'.....'.#.(.'.._._._
#PPPP#.....#.#...#..._._P
###############'##.._._._
#...♣..yyy@..'...#..._._.
#%.....♣.y...#...########
... ♣y.♣..###### +
#+#####


You could see a queen bee and 4 killer bees.

Vanquished Creatures
  2 oklob saplings (D)
  A worker ant (D)
  A river rat (D)
  A rat (D)
5 creatures vanquished.

Notes
Turn   | Place    | Note
-------+----------+-------------------------------------------
     0 | D        | Danqa the Minotaur Fighter began the quest for the Orb.
     0 | D        | Reached XP level 1. HP: 19/19 MP: 0/0
     9 | D        | Reached XP level 2. HP: 28/28 MP: 1/1
    18 | D        | Noticed an oklob sapling
    21 | D        | Killed an oklob sapling
    21 | D        | Reached skill level 5 in Fighting
    21 | D        | Reached skill level 5 in Armour
    21 | D        | Reached skill level 5 in Shields
    21 | D        | Reached XP level 3. HP: 5/36 MP: 2/2
   419 | D        | Found an opulent altar of Gozag.
   419 | D        | Found a hazy altar of Hepliaklqana.
   419 | D        | Found a burning altar of Makhleb.
   419 | D        | Found a roughly hewn altar of Beogh.
   419 | D        | Found a sparkling altar of Nemelex Xobeh.
   419 | D        | Found a snail-covered altar of Cheibriados.
   419 | D        | Found a sacrificial altar of Ru.
   419 | D        | Found a deep blue altar of Sif Muna.
   419 | D        | Found a shimmering altar of Xom.
   419 | D        | Found a basalt altar of Yredelemnul.
   420 | D        | Found a viscous altar of Jiyva.
   420 | D        | Found a bloodstained altar of Trog.
   420 | D        | Noticed an oklob sapling priest
   424 | D        | Noticed an oklob sapling
   431 | D        | Killed an oklob sapling
   431 | D        | Reached XP level 4. HP: 12/44 MP: 0/3
   668 | D        | Noticed a queen bee
   680 | D        | Slain by a killer bee

Skill      XL: |  1  2  3 |
---------------+----------+-----
Fighting       | 4 5 6 |  6.3
Armour         | 4 5 6 |  6.5
Shields        | 4 5 6 |  6.6
Maces & Flails | 3 4 |  4.1
Evocations     | |  0.3

Action                   |  1- 3 |  4- 6 || total
-------------------------+-------+-------++-------
Melee: Flail             |    19 |     8 ||    27
       Headbutt          |     5 |     1 ||     6
 Abil: Evoke Invisibilit |     1 |       ||     1
Armor: Scale mail        |     9 |     2 ||    11
Dodge: Dodged            |     5 |     6 ||    11
Block: Shield            |     5 |     8 ||    13
